 Dungeon Crawl Stone Soup version 0.29-a0-275-g389c0b56f3 (webtiles) character file.

Game seed: 7244154466518745469

38 jmlagarto the Caller (level 3, -4/19 HPs)
             Began as a Tengu Summoner on Mar 12, 2022.
             Slain by Terence
             ... wielding a +1 mace of holy wrath
              (9 damage)
             ... on level 2 of the Dungeon.
             The game lasted 00:02:37 (1370 turns).

jmlagarto the Caller (Tengu Summoner)               Turns: 1370, Time: 00:02:37

Health: -4/19      AC:  2    Str:  8    XL:     3   Next: 43%
Magic:  3/7        EV: 12    Int: 17    God:
Gold:   133        SH:  0    Dex: 14    Spells: 5/6 levels left

rFire   . . .      SeeInvis .   d - +1 dagger (holy)
rCold   . . .      Faith    .   (no shield)
rNeg    . . .      Spirit   .   a - +0 robe
rPois   .          Reflect  .   (helmet restricted)
rElec   .          Harm     .   (no cloak)
rCorr   .          Rampage  .   (no gloves)
Will    .....                   (boots unavailable)
Stlth   ++........              (no amulet)
HPRegen 0.06/turn               (no ring)
MPRegen 0.10/turn               (no ring)

@: very slightly contaminated
A: beak, talons 3
a: no special abilities


You were on level 2 of the Dungeon.
You visited 1 branch of the dungeon, and saw 2 of its levels.

You collected 133 gold pieces.

Inventory:

Hand Weapons
 d - a +1 dagger of holy wrath (weapon)
Armour
 a - a +0 robe (worn)
Scrolls
 c - a scroll of teleportation {unknown}
Potions
 b - a potion of magic
 e - a potion of heal wounds {unknown}


   Skills:
 + Level 0.2 Fighting
 + Level 2.5 Dodging
 + Level 2.3 Stealth
 + Level 2.3 Spellcasting
 + Level 5.5 Summonings


You had 5 spell levels left.
You knew the following spells:

 Your Spells              Type           Power      Damage    Failure   Level
a - Summon Small Mammal   Summ           80%        N/A       1%          1

Your spell library contained the following spells:

 Spells                   Type           Power      Damage    Failure   Level
 Call Imp                 Summ           20%        N/A       3%          2
 Call Canine Familiar     Summ           20%        N/A       6%          3
 Summon Guardian Golem    Hex/Summ       11%        N/A       19%         3
 Summon Lightning Spire   Summ/Air       11%        N/A       52%         4


Dungeon Overview and Level Annotations

Branches:
Dungeon (2/15)

Altars:

Annotations:
D:2 Terence


Innate Abilities, Weirdness & Mutations

You have a beak for a mouth.
You have claws for feet.


Message History

You see here a +0 robe.
There is a stone staircase leading down here.
You climb downwards.
There is a stone staircase leading up here.
You can't go down here!
You now have 133 gold pieces (gained 14).
A rat comes into view.
A rat is nearby!
You closely miss the rat. Your kick misses the rat. The rat bites you.
You hit the rat.
You kill the rat!
You see here a rat corpse.
Terence the Incautious comes into view.
He is wielding a +1 mace of holy wrath.
Terence shouts!
Casting: Summon Small Mammal (safe; 1% risk of failure)
Confirm with . or Enter, or press ? or * to list all spells.
Casting: Summon Small Mammal (safe; 1% risk of failure)
Confirm with . or Enter, or press ? or * to list all spells.
You miscast Summon Small Mammal.
You are very lightly contaminated with residual magic.
Nothing appears to happen.
Terence hits you with a +1 mace of holy wrath!
Your rat bites Terence but does no damage.
Casting: Summon Small Mammal (safe; 1% risk of failure)
Confirm with . or Enter, or press ? or * to list all spells.
Terence hits you with a +1 mace of holy wrath!
* * * LOW HITPOINT WARNING * * *
Your rat barely misses Terence.
Your rat bites Terence but does no damage.
Your quokka barely misses Terence.
Your rat bites Terence but does no damage.
Casting: Summon Small Mammal (safe; 1% risk of failure)
Confirm with . or Enter, or press ? or * to list all spells.
Your rat disappears in a puff of smoke!
Your quokka bites Terence but does no damage.
Terence barely misses you.
You hit Terence but do no damage. You claw Terence, but do no damage.
You peck Terence, but do no damage.
Your quokka closely misses Terence.
Terence hits you with a +1 mace of holy wrath!
You die...

#..## #.#
#####.#####
#.... ..#
#...#
##.######
#.### #+#
#.# #.#
##.# ##..#
####...##
+....@r.#
####.@r##
##.ยง# ##.#
#.# #.# #.#
#.# ..#


You could see Terence (ally target) and 2 friendly quokkas.

Vanquished Creatures
  A dart slug (D:1)
  2 bats (D:1)
  2 endoplasms (D:1)
  2 giant cockroaches (D:1)
  A goblin (D:1)
  2 hobgoblins (D:1)
  2 kobolds (D:1)
  2 ball pythons (D:1)
  4 frilled lizards (D:1)
  2 rats
20 creatures vanquished.

Vanquished Creatures (collateral kills)
  2 dart slugs (D:1)
  A ball python (D:1)
  A goblin (D:1)
  2 hobgoblins (D:1)
  A quokka (D:1)
  3 bats (D:1)
  A rat (D:1)
11 creatures vanquished.

Grand Total: 31 creatures vanquished

Notes
Turn   | Place    | Note
-------+----------+-------------------------------------------
     0 | D:1      | jmlagarto the Tengu Summoner began the quest for the Orb.
     0 | D:1      | Reached XP level 1. HP: 10/10 MP: 4/4
   137 | D:1      | Reached skill level 5 in Summonings
   312 | D:1      | Reached XP level 2. HP: 15/15 MP: 3/6
   845 | D:1      | Reached XP level 3. HP: 11/19 MP: 5/7
  1360 | D:2      | Noticed Terence
  1370 | D:2      | Slain by Terence

Illustrated notes

Levels and vault maps discovered:
D:1:      dpeg_arrival_round_a, layout_basic
D:2:      layout_loops_corners, chequers_arboretum, uniq_terence,
          uniq_crazy_yiuf_cottage

Skill      XL: |  1 |
---------------+----+-----
Summonings     | 5 |  5.5
Fighting       | |  0.2
Dodging        | |  2.5
Stealth        | |  2.3
Spellcasting   | |  2.3

Action                   || total
-------------------------++-------
Melee: Unarmed           ||    17
       Dagger            ||    30
       Kick              ||    12
       Peck              ||     6
 Cast: Summon Small Mamm ||    24
 Stab: Sleeping          ||     6
       Distracted        ||     1
Armor: Robe              ||     2
Dodge: Dodged            ||    40

Table legend: (Time is in decaauts)
 A = Elapsed time spent in this place.
 B = Non-inter-level travel time spent in this place.
 C = Inter-level travel time spent in this place.
 D = Time resting spent in this place.
 E = Time spent auto-exploring this place.
 F = Levels seen in this place.
 G = Mean time per level.
                   A        B        C        D        E       F      G
               +--------+--------+--------+--------+--------+-----+--------+
         Total |   1369 |   1332 |     37 |      0 |   1100 |   2 |  684.5 |
       Dungeon |   1369 |   1332 |     37 |      0 |   1100 |   2 |  684.5 |
               +--------+--------+--------+--------+--------+-----+--------+

Top non-repeatable levels by time:
     D:1: 1301 daAuts
     D:2: 67 daAuts
